Workbook

Sheet 応募書類一覧
A2: 公益財団法人 九電みらい財団
A3: 環境分野の次世代育成支援活動助成
A4: 2027年度応募書類
B6: ■応募書類一覧
C7: ① | D7: 〔ABC全コース共通〕 定款・会則・規約のいずれか
C8: ② | D8: 〔ABC全コース共通〕 共通応募書類（本エクセルのP1～P6）
D9: P1_団体情報
D10: P2_応募活動概要
D11: P3_応募活動詳細
D12: P4_収支計画書
D13: P5_助成申請金額の内訳
D14: P6_役員、職員（活動関係者）名簿
C15: ③ | D15: 〔Cコース(複数年助成)に応募の団体のみ〕 複数年助成応募書類 （２年間：本エクセルのP7～9、３年間：P7～12）
D16: P7_応募活動詳細（２年目）
D17: P8_収支計画書（２年目）
D18: P9_助成申請金額の内訳（２年目）
D19: P10_応募活動詳細（３年目）
D20: P11_収支計画書（３年目）
D21: P12_助成申請金額の内訳（３年目）
C22: ④ | D22: 〔Aコース(上限80万円助成)に応募の団体のみ〕 2025年度収支報告書、2026年度事業計画書・収支予算書の添付 （法人の場合は、理事会等で承認された活動計算書／注記含む、財産目録等）
C23: ⑤ | D23: 〔全コース共通・任意〕 その他参考資料の添付 <例> ・活動内容が分かる既存の資料（団体パンフレット、チラシ、過去の活動の写真、行政が活動を紹介した資料など） ・解決すべき課題の現状について参考となる資料（各種データ資料、新聞記事など） ※参考資料は20ページ以内に収めてください。それ以上の分量は、選考に考慮されませんのでご了承ください。
C24: ⑥ | D24: 〔全コース共通〕 オンラインでのアンケートに必ずご回答ください。 （回答は必須ですが、回答内容は選考に考慮されません）
D25: アンケートページ
B26: ※ 必ず募集要項をご確認のうえ、応募書類を記入ください。記入例も参照ください。
B28: ■募集期間
B29: 2026年11月1日（日）～2026年12月21日（月）23:59
B31: ■応募書類の提出方法
B32: 応募に必要な書類をメールに添付し、以下メールアドレス宛に送付下さい。
B33: 提出先メールアドレス： josei@kyuden-mirai.or.jp
B34: ※ 本応募書類はPDF等に変換せず、エクセルファイルのままご提出ください。
B35: ※ メールにて応募書類を提出後、３営業日以内に上記アドレスから応募受付完了のメールが届かない 場合は、必ず九電みらい財団へ電話でお問い合わせください。（092-982-4627）
B37: ■お問い合わせ先
B38: 公益財団法人九電みらい財団
B39: 電 話：092-982-4627（平日9:00～17:00） | H39: メールアドレス： josei@kyuden-mirai.or.jp

Sheet アンケート
A1: 〈応募書類一覧ページに戻る〉 | W1: （整理番号：０００）
A3: 下記URLまたはQRコードからアンケートにご回答ください 回答期限：12月21日(月)
A6: https://forms.cloud.microsoft/r/xQ4TUJ5Kzf
H9: ※ 回答は必須ですが、 回答の内容は選考に 考慮されません。
A20: ★★補足★★ アンケートに記載の「九電みらいの森プロジェクト」について
A21: 九電みらい財団は、地域の皆さまとの交流や環境教育の拠点としても活用できる森づくり「九電みらいの森プロジェクト」に地域の皆さまと取り組んでおり、現在は以下の３拠点です。
A23: ①「いさはや九電みらいの森」（長崎県諫早市）
A24: ②「きりしま九電みらいの森」（鹿児島県霧島市）
A25: ③「ひさやま九電みらいの森」（福岡県糟屋郡久山町）
A27: 豊かな自然に囲まれた「九電みらいの森」で環境活動に取り組みませんか？ 「九電みらいの森」で活動することに少しでも関心がある団体さまは、アンケートで「関心がある」と回答ください！（担当者から個別にご連絡させていただく場合があります）
A37: ▼「森プロジェクト」についての詳細はこちらをご覧ください。
A38: https://www.kyuden-mirai.or.jp/environment/planting/
A40: ▼各森で実施している環境教育についてはこちらをご覧ください。
A41: いさはや | C41: https://www.kyuden-mirai.or.jp/environment/isahaya/
A42: きりしま | C42: https://www.kyuden-mirai.or.jp/environment/kirishima/
A43: （「ひさやま九電みらいの森」での活動は、2026年秋に開始予定）

Sheet P1_団体情報
A1: 〈応募書類一覧ページに戻る〉 | W1: （整理番号：０００）
A2: 2027年度活動計画書
V3: 申請日： | W3: 2026年 | AB3: 月 | AE3: 日
A4: 公益財団法人 九電みらい財団 御中
A6: 募集要項を確認・了承のうえ、以下の活動について助成を申請します。
A8: １．団体情報
A9: 団体名 | B9: (ふりがな) | E9: とくていひえいりかつどうほうじん もりのたねねっとわーく
B10: 特定非営利活動法人 森のたねネットワーク
A11: 代表者 | B11: 氏名 | N11: 役職 | S11: 主な活動地域 | X11: 福岡県〇〇市
B12: (ふりがな) | E12: もりの みらい | N12: 代表
B13: 森野 未来
A14: 設立年月日 （西暦） | B14: 40269 | P14: 法人格取得 年月日（西暦） | V14: 43983
A15: 団体の目的 | B15: 森林や里山での体験活動を通じて、子どもたちが地域の自然の働きや環境を守る大切さを学び、自然を大切にする行動を身につけることを目的に活動しています。地域の住民や専門家と協力し、森林観察や植樹、里山の保全活動に取り組んでいます。
A16: 確認事項 （要チェック） | C16: 当団体は、募集要項「４ 助成対象団体」に記載された要件を満たしています。 （内容確認後に必ずチェックしてください）
A17: 団体所在地 | B17: 〒 | C17: 810-8720
B18: 福岡県 | F18: 福岡県〇〇市森町1丁目2番3号
B19: (TEL) | D19: 000-0000-0000 | Q19: (E-mail) | T19: info@example.org
A20: 通知書等 郵送先 （※団体所在地と 異なる場合） | B20: 〒
A22: URL | B22: ホームページ | H22: https://example.org/morinotane
B23: ＳＮＳ等 | H23: 〔Facebook〕 〔Instagram〕https://www.instagram.com/morinotane_example 〔その他〕
A24: 団体としての 主な活動内容 （上位３つ） | B24: 子どもを対象とした森林観察・自然体験活動
B25: 植樹や下草刈りなどの里山保全活動
B26: 地域の団体や専門家と連携した環境学習会
A27: 事務局職員 | B27: 7 | F27: 名 | H27: (内訳)常勤の職員数： | O27: 7 | S27: 名 ／ 非常勤： | X27: 0 | AC27: 名
A28: 会員数 | B28: 0 | F28: 名 | H28: 一人あたり 年会費 | M28: 0 | R28: 円 | S28: 年会費合計 | X28: 0 | AC28: 円
A29: 財政規模 ※上限80万円コースの 団体のみ記入 | B29: 2025年度決算 | H29: 経常収入 | R29: 円 | S29: 経常支出 | AC29: 円
B30: 2026年度予算 | H30: 経常収入 | R30: 円 | S30: 経常支出 | AC30: 円
A31: これまでの 主な事業内容 (２事業程度) ・企業や行政との協働の実績 ・その他（他の助成事業による実績等） | B31: 期間 | H31: 事業名 | S31: 内 容 （委託・補助の別、協働の相手方を明記）
B32: 2016～2020年度 | H32: 森のめぐみ発見隊 | S32: 子どもを対象に、地域の森林で自然観察や植樹体験を実施
B33: 2022年～2025年 | H33: こもれびの森育成プロジェクト | S33: 地域の森林管理者と協力し、植樹や森林観察、里山の手入れ体験を実施
A35: 担当者１ | B35: 氏名 | N35: 役職 | S35: (TEL) | V35: 000-0000-0000
B36: (ふりがな) | E36: もりの みらい | N36: 代表
B37: 森野 未来 | S37: (E-mail) | V37: ***@***********
A38: 担当者２ | B38: 氏名 | N38: 役職 | S38: (TEL) | V38: 000-0000-0000
B39: (ふりがな) | E39: もり いくよ | N39: 事務局
B40: 森 行代 | S40: (E-mail) | V40: ***@***********
A41: 同一セル内で改行したい場合は、[Alt] + [Enter]を押してください。文字フォントは「ＭＳ Ｐゴシック」でサイズは10ポイント以上にしてください。
A42: 黄色網掛け | B42: のセルは必須項目のため、全て入力されているかご確認ください。入力完了後にセルの色は消えます。

Sheet P2_応募活動概要
A1: 〈応募書類一覧ページに戻る〉 | W1: =P1_団体情報!W1 -> （整理番号：０００）
A2: 2．応募活動概要
A3: 応募コース （プルダウンから選択） | B3: C：複数年助成への申請（年間上限20万円かつ最長３年間）
A4: 2027年度 助成申請額 | B4: 194900 | N4: 円 | Q4: ※この金額は、P4「収支計画書」の「当助成申請金額」に自動反映されます。
A5: 活動分野 （プルダウンから選択） | B5: ② 自然の大切さを学ぶ活動
A6: 活動名 （25字以内） | B6: 森で学ぼう！こもれび学習林での環境教育 | AF6: =LEN(B6) -> 19
A7: 活動の概要 （100字以内） | B7: 森の中で植樹・間伐・森林観察を体験し、森林の役割と手入れの必要性を学びます。3年間、同じ森で学びを積み重ね、森林保全と木材利用のつながりを理解し、自分にできる行動を考える活動です。 | AF7: =LEN(B7) -> 90
A8: 活動場所 | B8: 福岡県〇〇市・こもれび学習林
A9: 活動場所の 選定理由 | B9: ・植樹、間伐、森林観察を同じ場所で継続して実施でき、前年に植えた苗木の成長や林床の変化を子ども自身が毎年観察できるため ・〇〇市森づくり管理会と協力体制があり、活動区域の設定や安全確認ができるほか、専門家の指導のもとで一般参加の子どもを受け入れられるため
A10: 2027年度 目標とする参加者数 | B10: 全体 | E10: 280 | L10: 人 | O10: 子どもの人数再掲 （高校生以下） | V10: 170 | AC10: 人
A11: 対象者の年齢層 | B11: 小学4年生～6年生
A12: 対象者の募集方法 | B12: ・＊＊県内の小学校30校へチラシを配布し、学校を通じて広く周知 ・団体HP、Facebook、Instagram、協働先のSNSで一般募集 ・継続参加希望者にも案内しつつ、毎回、新規参加枠を設ける
A13: 協働・連携先と その役割分担 | B13: 協働先：NPO法人 森の学び舎ネットワーク、〇〇市森づくり管理会 当団体が主催し、企画、参加者募集、受付、安全管理、保険加入、全体運営を担当します。NPO法人 森の学び舎ネットワークは森林に関する講話と植樹・間伐等の体験指導、〇〇市森づくり管理会は活動区域の確認や安全面の助言を担当します。外部講師には〇〇氏を招きます。
A14: 活動期間 （西暦） | B14: 2027 | F14: 年 | G14: 5 | J14: 月 | K14: 1 | N14: 日 | O14: から | S14: 2027 | W14: 年 | X14: 11 | AA14: 月 | AB14: 30 | AE14: 日
A15: 2027年度 助成対象活動 スケジュール ※本欄には、助成対象として申請する活動のみを記載してください。事前準備や打合せ等の記載は不要です。 | B15: 活動月 | F15: 助成対象となる活動内容 ※P3「活動内容」およびP5「助成申請金額の内訳」と対応する内容としてください。 | Y15: 子どもの目標参加者数（高校生以下）
B16: ４月 | AD16: 人
B17: ５月 | F17: こもれび学習林での環境教育（植樹編） | Y17: 90 | AD17: 人
B18: ６月 | AD18: 人
B19: ７月 | AD19: 人
B20: ８月 | AD20: 人
B21: ９月 | AD21: 人
B22: 10月 | AD22: 人
B23: 11月 | F23: こもれび学習林での環境教育（間伐編） | Y23: 80 | AD23: 人
B24: 12月 | AD24: 人
B25: １月 | AD25: 人
B26: ２月 | AD26: 人
B27: ３月 | AD27: 人
A28: 同一セル内で改行したい場合は、[Alt] + [Enter]を押してください。文字フォントは「ＭＳ Ｐゴシック」でサイズは10ポイント以上にしてください。
A29: 黄色網掛け | B29: のセルは必須項目のため、全て入力されているかご確認ください。入力完了後にセルの色は消えます。

Sheet P3_応募活動詳細
A1: 〈応募書類一覧ページに戻る〉 | W1: =P1_団体情報!W1 -> （整理番号：０００）
A2: 3．応募活動詳細
A3: 活動の目的 （250字以内） | B3: 子どもたちが植樹・間伐・森林観察などの体験を通じて、森林が水を育み、生きもののすみかとなり、地域の暮らしを支えていることや、森林を守るには継続した手入れが必要であることを学び、～～～～～～することを目的とします。これまでの活動で見られた子どもたちの様子や課題を踏まえ、～～～～～～に取り組みます。また、自然と自分たちの暮らしとの関わりを考え、～～～～～～という意識を育みます。活動後は、家庭や学校で学びを共有し、～～～～～～など、身近な自然を大切にする行動につなげます。 | AF3: =LEN(B3) -> 235 | BA3: =LEN(B3) -> 235
A4: 2027年度 活動内容 （800字以内） ※P2「助成対象活動スケジュール」およびP5「助成申請金額の内訳」と対応する内容としてください。 | B4: 5月に「こもれび学習林での環境教育（植樹編）」を実施します。小学4～6年生を中心に子ども90人を募集し、森林の働きや植樹の意味を学ぶミニ講座、森林観察、〔樹種〕の苗木〔本数〕本の植樹を行います。子どもたちは〔人数〕人程度のグループに分かれ、スタッフ〔人数〕人が見守る中で苗木を植えます。作業前後には〔観察する対象〕を確かめ、～～～～～～について考えます。植樹に必要な〔資材等〕を準備し、苗木を植える場所や方法を確認したうえで活動します。植えた後は苗木の周囲の環境を観察し、植樹前との違いや苗木が育つために必要な条件を考えます。学んだ内容は〔記録方法〕に残し、次の活動で振り返ります。植樹する場所の特徴にも注目し、日当たりや土の状態など、苗木の生育に関係する環境を観察します。 11月には「こもれび学習林での環境教育（間伐編）」を実施し、子ども80人を募集します。森林の中を歩き、木の密度や林床の明るさ、生きものの様子など〔観察項目〕を確かめた後、講師による間伐作業を見学します。子どもたちは講師の説明のもと、〔体験内容・使用する道具〕に取り組みます。間伐前後の森を比べ、木を伐ることが森林を健全に保つために必要な場合があることを学びます。間伐材の活用方法にも触れ、森林の手入れと暮らしとのつながりを考えます。観察したことや気づきは〔記録・共有方法〕でまとめ、参加者同士で共有します。間伐した木や森の変化を〔比較方法〕で確かめ、次年度以降の観察にもつなげます。間伐材の行き先や活用例も取り上げ、森林資源を使うことと森の手入れとの関係を話し合います。 植樹編で使用した〔記録シートなど〕は間伐編でも活用し、季節による森の違いや学びのつながりを振り返ります。各回の活動後は〔アンケートなど〕で理解度や気づきを確認し、結果を次年度のプログラム改善に生かします。 | AF4: =LEN(B4) -> 778
A5: 募集時及び実施後の 情報発信内容 （250字以内） | B5: 募集時は、小学4～6年生を中心とした対象者、活動内容、日程、申込方法などを記載したチラシを作成し、県内の小学校30校へ配布します。団体ホームページ、Facebook、Instagram、協働先の発信媒体でも参加者を募集します。 実施後は、植樹や間伐に取り組む子どもたちの様子に加え、参加者の気づきや学び、アンケートで確認した成果を写真・コメントとともに発信します。複数年の活動を通じた森や参加者の変化も継続して紹介します。募集状況に応じ、発信内容も見直します。 | AF5: =LEN(B5) -> 230 | BA5: =LEN(B5) -> 230
A6: 2027年度 目標とする成果 （300字以内） ※数値で示せる成果だけでなく、活動を通じて期待される参加者や地域の変化についても記入してください。 | B6: 年2回の活動に、子ども170人の参加を目標とします。活動後のアンケートで、○○％以上が森林の役割や手入れの必要性を自分の言葉で説明でき、○○％以上が自然を大切にするために取り組みたい行動を具体的に挙げられる状態を目指します。また、希望者には○か月後に聞き取りを行い、家庭で学びを話したり、身近な自然を観察したりする行動につながったかを確認します。あわせて参加者数や継続参加の希望も記録し、結果を次年度の活動内容や募集方法に反映します。地域の子どもや家族が森林に触れる機会を広げ、継続して受け入れられる活動の土台を整えます。回答状況も記録し、評価に生かします。 | AF6: =LEN(B6) -> 279 | BA6: =LEN(B6) -> 279
A7: 助成終了後の 活動予定 （250字以内） ※複数年助成に応募する団体は、助成期間終了後の活動予定を記入してください。 | B7: 3年間の活動で蓄積した森林学習プログラム、参加者の声や成果、安全管理の方法、協働先との連携を整理し、助成終了後も年○回程度の体験活動を続けます。必要な経費は、参加費、団体の自己資金、地域企業等からの協賛を組み合わせて確保し、特定の助成金に頼りすぎない運営を目指します。継続参加した子どもや保護者が〔役割〕を担える仕組みも検討します。活動の実施方法や費用を見直し、無理なく続けられる計画を整えます。3年間の成果を地域や協働先に共有し、参加者・協力者を増やして、地域で活動を支える体制につなげます。 | AF7: =LEN(B7) -> 247 | BA7: =LEN(B7) -> 247
A8: その他PRしたいこと （任意） （250字以内） | B8: 当団体は、森林での環境教育や植林活動、地域団体との協働に継続して取り組んできました。本活動では、その経験と〔団体ならではの強み〕を生かし、同じ森で3年間、子どもたちが学びを積み重ねる機会をつくります。1年目は植樹・間伐を通じて～～～～～～、2年目は間伐材を使った工作を通じて～～～～～～、3年目は学びや成果を家族・地域に伝える活動へと発展させます。各年度の活動では参加者の声や成果を確かめ、プログラムの改善に努めます。地域の自然や人材を生かし、助成終了後も地域に根づく環境教育活動を目指します。 | AF8: =LEN(B8) -> 247 | BA8: =LEN(B8) -> 247
A9: 同一セル内で改行したい場合は、[Alt] + [Enter]を押してください。文字フォントは「ＭＳ Ｐゴシック」でサイズは10ポイント以上にしてください。
A10: 黄色網掛け | B10: のセルは必須項目のため、全て入力されているかご確認ください。入力完了後にセルの色は消えます。

Sheet P4_収支計画書
A1: 〈応募書類一覧ページに戻る〉 | E1: =P1_団体情報!W1 -> （整理番号：０００）
A3: 2027年度 収支計画書
A5: １ 収入の部（応募活動の収入計画）
B6: 区 分 | D6: 予算額（円） | E6: 内容（○○県助成、会費等）
B7: ① | C7: 当助成申請金額※ | D7: =P2_応募活動概要!B4 -> 194900
B8: ② | C8: 当該活動による収入 | D8: 51000 | E8: 参加費（300円×170人）
C9: 他の助成金・補助金収入 | D9: 200000 | E9: ○○県環境活動補助金
C10: 自己資金 | D10: 0
B11: 合 計（①＋②） | D11: =SUM(D7:D10) -> 445900
A13: ２ 支出の部（応募活動に必要な経費）
B14: 区 分 | D14: 予算額（円） | E14: 備考
B15: ① | C15: 当助成申請金額※ | D15: =P2_応募活動概要!B4 -> 194900
B16: ② | C16: 当助成金以外(自己資金等)で 応募活動に充当する金額 | D16: 251000 | E16: 参加費・県補助金を充当
B17: 合 計（①＋②） | D17: =SUM(D15:D16) -> 445900
A20: ※ 当助成申請金額の内訳は、P5「助成申請金額の内訳」（本エクセルの別シート）に記入ください。
A23: 【チェック欄】収支の差額（収入合計－支出合計）: | D23: =D11-+D17 -> 0
D24: =IF(AND(D11=0,D17=0),"",IF(D11=D17,"収支一致","収入と支出の金額を確認してください")) -> 収支一致

Sheet P5_助成申請金額の内訳
A1: 〈応募書類一覧ページに戻る〉 | G1: =P1_団体情報!W1 -> （整理番号：０００）
A2: 2027年度 助成申請金額の内訳
A3: ・P4「収支計画書」に記入した 「当助成申請金額(上限80万円もしくは上限20万円)」の内訳 をご記入ください。 ・ひとつの経費を「助成金」と「自己資金等」で分けて支払う場合は、助成金で申請する金額を「当助成申請金額」欄に、自己負担分を「自己資金等支払金額」欄に、それぞれご記入ください。なお、自己資金のみで支払う経費は記入不要です。 | L3: （参考）
A4: 通し番号 | B4: 活動 ※P2「助成対象活動スケジュール」欄に対応するように記載してください。 | C4: 【科目】 | D4: 内容（詳しくご記入ください） | E4: 数量 | F4: 単位 | G4: 単価(税込) | H4: 当助成申請金額 （税込・円） | I4: 自己資金等支払金額 （税込・円） | J4: 提出書類 | L4: 【科目】
A5: 1 | B5: こもれび学習林での環境教育（植樹編） | C5: 人件費 | D5: スタッフ人件費（1000円×4時間） | E5: 10 | F5: 名 | G5: 4000 | H5: 20000 | I5: 20000 | J5: =IF(OR(C5="備品費",C5="賃借料"), "見積書をご提出ください", IF(C5="謝礼金(講師向け)", "講師略歴をご提出ください", IF(AND(C5="広告費",H5>30000), "見積書をご提出ください", "" ) ) ) | L5: 消耗品費
A6: 2 | C6: 旅費 | D6: スタッフガソリン代 市内から＊＊の森まで （各スタッフ走行距離総計） | E6: 180 | F6: km | G6: 15 | H6: =E6*G6 -> 2700 | I6: 0 | J6: =IF(OR(C6="備品費",C6="賃借料"), "見積書をご提出ください", IF(C6="謝礼金(講師向け)", "講師略歴をご提出ください", IF(AND(C6="広告費",H6>30000), "見積書をご提出ください", "" ) ) ) | L6: 広告費
A7: 3 | C7: 消耗品費 | D7: 軍手 | E7: 50 | F7: 双 | G7: 100 | H7: =E7*G7 -> 5000 | I7: 0 | J7: =IF(OR(C7="備品費",C7="賃借料"), "見積書をご提出ください", IF(C7="謝礼金(講師向け)", "講師略歴をご提出ください", IF(AND(C7="広告費",H7>30000), "見積書をご提出ください", "" ) ) ) | L7: 通信運搬費
A8: 4 | C8: 消耗品費 | D8: 苗木（ヒノキ） | E8: 20 | F8: 本 | G8: 2000 | H8: =E8*G8 -> 40000 | I8: 0 | J8: =IF(OR(C8="備品費",C8="賃借料"), "見積書をご提出ください", IF(C8="謝礼金(講師向け)", "講師略歴をご提出ください", IF(AND(C8="広告費",H8>30000), "見積書をご提出ください", "" ) ) ) | L8: 保険料
A9: 5 | C9: 消耗品費 | D9: 植樹用移植ごて | E9: 4 | F9: 本 | G9: 2500 | H9: =E9*G9 -> 10000 | I9: 0 | J9: =IF(OR(C9="備品費",C9="賃借料"), "見積書をご提出ください", IF(C9="謝礼金(講師向け)", "講師略歴をご提出ください", IF(AND(C9="広告費",H9>30000), "見積書をご提出ください", "" ) ) ) | L9: 謝礼金 （講師向け）
A10: 6 | C10: 保険料 | D10: イベント賠償保険 | E10: 1 | F10: 日 | G10: 10000 | H10: =E10*G10 -> 10000 | I10: 0 | J10: =IF(OR(C10="備品費",C10="賃借料"), "見積書をご提出ください", IF(C10="謝礼金(講師向け)", "講師略歴をご提出ください", IF(AND(C10="広告費",H10>30000), "見積書をご提出ください", "" ) ) ) | L10: 謝礼金 （ボランティア向け）
A11: 7 | C11: 広告費 | D11: 募集PRチラシ作成 | E11: 1 | F11: 部 | G11: 5000 | H11: =E11*G11 -> 5000 | I11: 0 | J11: =IF(OR(C11="備品費",C11="賃借料"), "見積書をご提出ください", IF(C11="謝礼金(講師向け)", "講師略歴をご提出ください", IF(AND(C11="広告費",H11>30000), "見積書をご提出ください", "" ) ) ) | L11: 人件費
A12: 8 | C12: 通信運搬費 | D12: PRチラシ郵送代（県内小学校30校） | E12: 30 | F12: 通 | G12: 370 | H12: =E12*G12 -> 11100 | I12: 0 | J12: =IF(OR(C12="備品費",C12="賃借料"), "見積書をご提出ください", IF(C12="謝礼金(講師向け)", "講師略歴をご提出ください", IF(AND(C12="広告費",H12>30000), "見積書をご提出ください", "" ) ) ) | L12: 旅費
A13: 9 | B13: こもれび学習林での環境教育（間伐編） | C13: 謝礼金(講師向け) | D13: 林田氏 謝礼金（＊＊活動など経験実績多数あり） | E13: 1 | F13: 回 | G13: 17000 | H13: =E13*G13 -> 17000 | I13: 0 | J13: =IF(OR(C13="備品費",C13="賃借料"), "見積書をご提出ください", IF(C13="謝礼金(講師向け)", "講師略歴をご提出ください", IF(AND(C13="広告費",H13>30000), "見積書をご提出ください", "" ) ) ) -> 講師略歴をご提出ください | L13: 備品費
A14: 10 | C14: 人件費 | D14: スタッフ人件費（1000円×4時間） | E14: 5 | F14: 名 | G14: 4000 | H14: =E14*G14 -> 20000 | I14: 0 | J14: =IF(OR(C14="備品費",C14="賃借料"), "見積書をご提出ください", IF(C14="謝礼金(講師向け)", "講師略歴をご提出ください", IF(AND(C14="広告費",H14>30000), "見積書をご提出ください", "" ) ) ) | L14: 賃借料
A15: 11 | C15: 消耗品費 | D15: 木の黒板 | E15: 50 | F15: 枚 | G15: 120 | H15: =E15*G15 -> 6000 | I15: 0 | J15: =IF(OR(C15="備品費",C15="賃借料"), "見積書をご提出ください", IF(C15="謝礼金(講師向け)", "講師略歴をご提出ください", IF(AND(C15="広告費",H15>30000), "見積書をご提出ください", "" ) ) ) | L15: 整備費
A16: 12 | C16: 消耗品費 | D16: 間伐体験用のこぎり | E16: 4 | F16: 本 | G16: 5000 | H16: =E16*G16 -> 20000 | I16: 0 | J16: =IF(OR(C16="備品費",C16="賃借料"), "見積書をご提出ください", IF(C16="謝礼金(講師向け)", "講師略歴をご提出ください", IF(AND(C16="広告費",H16>30000), "見積書をご提出ください", "" ) ) ) | L16: その他
A17: 13 | C17: 保険料 | D17: イベント賠償保険 | E17: 1 | F17: 日 | G17: 12000 | H17: =E17*G17 -> 12000 | I17: 0 | J17: =IF(OR(C17="備品費",C17="賃借料"), "見積書をご提出ください", IF(C17="謝礼金(講師向け)", "講師略歴をご提出ください", IF(AND(C17="広告費",H17>30000), "見積書をご提出ください", "" ) ) )
A18: 14 | C18: 広告費 | D18: 募集PRチラシ作成 | E18: 1 | F18: 部 | G18: 5000 | H18: =E18*G18 -> 5000 | I18: 0 | J18: =IF(OR(C18="備品費",C18="賃借料"), "見積書をご提出ください", IF(C18="謝礼金(講師向け)", "講師略歴をご提出ください", IF(AND(C18="広告費",H18>30000), "見積書をご提出ください", "" ) ) )
A19: 15 | C19: 通信運搬費 | D19: PRチラシ郵送代（県内小学校30校） | E19: 30 | F19: 通 | G19: 370 | H19: =E19*G19 -> 11100 | I19: 0 | J19: =IF(OR(C19="備品費",C19="賃借料"), "見積書をご提出ください", IF(C19="謝礼金(講師向け)", "講師略歴をご提出ください", IF(AND(C19="広告費",H19>30000), "見積書をご提出ください", "" ) ) )
A20: 16 | I20: 0 | J20: =IF(OR(C20="備品費",C20="賃借料"), "見積書をご提出ください", IF(C20="謝礼金(講師向け)", "講師略歴をご提出ください", IF(AND(C20="広告費",H20>30000), "見積書をご提出ください", "" ) ) )
A21: 17 | J21: =IF(OR(C21="備品費",C21="賃借料"), "見積書をご提出ください", IF(C21="謝礼金(講師向け)", "講師略歴をご提出ください", IF(AND(C21="広告費",H21>30000), "見積書をご提出ください", "" ) ) )
A22: 18 | J22: =IF(OR(C22="備品費",C22="賃借料"), "見積書をご提出ください", IF(C22="謝礼金(講師向け)", "講師略歴をご提出ください", IF(AND(C22="広告費",H22>30000), "見積書をご提出ください", "" ) ) )
A23: 19 | J23: =IF(OR(C23="備品費",C23="賃借料"), "見積書をご提出ください", IF(C23="謝礼金(講師向け)", "講師略歴をご提出ください", IF(AND(C23="広告費",H23>30000), "見積書をご提出ください", "" ) ) )
A24: 合 計 | H24: =SUM(H5:H23) -> 194900 | I24: =SUM(I5:I23) -> 20000
A25: ※行数は、必要に応じて追加ください。 | E25: P4に記入した「当助成申請金額」： | H25: =P4_収支計画書!D7 -> 194900
H26: =IF(H24=H25,"一致","不一致（修正してください）") -> 一致 | I26: ←「当助成申請金額」は必ず一致させてください。
A28: 応募コース | C28: =P2_応募活動概要!B3 -> C：複数年助成への申請（年間上限20万円かつ最長３年間） | H28: =IF(OR(AND(C28="A：上限80万円助成への申請",H24>800000), AND(C28="B：上限20万円助成への申請",H24>200000), AND(C28="C：複数年助成への申請（年間上限20万円かつ最長３年間）",H24>200000)), "上限金額をご確認ください", "")
A29: 【「助成申請金額の内訳」入力にあたっての留意点】 ・ 募集要項の「７ 助成対象経費」をよく確認のうえ、その内容に基づき記入してください。 ・ 内容・単価・数量は明確、詳細に記載してください。

Sheet P6_役員・職員名簿
A1: 〈応募書類一覧ページに戻る〉 | C1: =P1_団体情報!W1 -> （整理番号：０００）
A4: 役員・職員（活動関連者）名簿
A6: 団体名 | B6: =P1_団体情報!B10 -> 特定非営利活動法人 森のたねネットワーク
A8: 役職名 | B8: 氏名（ふりがな） | C8: 応募団体以外の所属があれば ご記入ください（勤務先等）
A9: 代表 | B9: 森野 未来（もりの みらい） | C9: ＊＊＊株式会社
A10: 副代表 | B10: 未来 花子（みらい はなこ） | C10: カフェ＊＊＊＊
A11: 事務局 | B11: 森 育代（もり いくよ） | C11: ＊＊＊＊保育園
A12: 事務局 | B12: 川上 魚一（かわかみ うおいち） | C12: スーパー＊＊＊＊
A13: 事務局 | B13: 海 綺麗（うみ きれい） | C13: なし
A31: ※ 団体全員の名簿ではなく、応募活動に関連する役員、職員の氏名、ふりがな、所属を記載してください。

Sheet P7_〔複数年〕応募活動詳細（２年目）
A1: 〈応募書類一覧ページに戻る〉 | Y1: =P1_団体情報!W1 -> （整理番号：０００）
A2: 【複数年助成】２年目の活動について
A4: P2「応募活動概要」の応募コース欄で「C：複数年助成への申請（年間上限20万円かつ最長３年間）」を選択した団体のみ本ページ以降を入力ください。
A5: 活動年数 （プルダウンから選択） | B5: ３年間（2027年４月～2030年３月）
A6: 複数年で取り組む理由（250字以内） ※複数年で取り組む必要性と、助成期間終了時に目指す成果・状態を記入してください。 | B6: 森林の役割や手入れの必要性を知るだけでなく、森林保全と木材利用のつながりを理解し、学びを行動に移すには、継続した体験と振り返りが必要です。1年目（P3）は植樹・間伐を通じて～～～～～～、2年目は間伐材を使った工作を加え、資源の活用について学びます。3年目（P10）は、継続参加者が初参加者や家族に学びを伝え、活動成果を地域に広げます。各年度の記録を用いて森と参加者の変化を確かめ、地域の協力者と役割分担を整えながら、助成終了時には〔目指す成果・状態〕の実現を目指します。段階的に学びを深めます。 | AF6: =LEN(B6) -> 247
A7: 単年コースとの 併願希望確認 | E7: 複数年助成の助成先として決定しなかった場合、単年の上限20万円助成コースでの選考を 希望します。
A8: 2028年度 助成申請額 | B8: 199600 | N8: 円 | Q8: ※この金額は、P8「収支計画書」の「当助成申請金額」に自動反映されます。
A9: 2028年度 活動内容 （400字以内） ※本頁の「助成対象活動スケジュール」およびP9「助成申請金額の内訳」と対応する内容としてください。 | B9: 1年目の植樹・間伐の体験を土台に、2028年度は5月「植樹編」、11月「間伐編」、2月「間伐材を使った工作編」を実施します。 植樹編には子ども90人が参加し、〔樹種〕の苗木〔本数〕本を植えるとともに、前年に植えた木の成長を観察し、森が時間をかけて育つことを学びます。 間伐編には子ども80人が参加し、〔観察項目〕を確かめながら、間伐の見学や〔体験内容〕に取り組みます。工作編には子ども40人が参加し、間伐材を使った〔作品など〕を制作し、木を資源として使う意味を考えます。 各回で継続参加者〔人数〕人程度が前年の記録や写真を振り返り、森や自分の学びの変化を考えます。工作後は作品に込めた思いや材料の由来も紹介し、家庭で活動を話題にできるようにします。活動後は気づきを共有し、3年目の「伝える・行動する」活動につなげます。その結果を次年度の内容に反映します。 | AF9: =LEN(B9) -> 377
A10: 2028年度 目標とする成果 （300字以内） ※数値で示せる成果だけでなく、活動を通じて期待される参加者や地域の変化についても記入してください。 | B10: 2028年度は、年3回の活動に子ども210人の参加を目標とし、うち継続参加者〔人数〕人程度を目指します。活動後のアンケートで、○○％以上が森林保全と木材利用のつながりを自分の言葉で説明でき、○○％以上が学んだことを家庭や学校で伝えたいと答える状態を目指します。間伐材工作で制作した作品や活動の記録を家庭に持ち帰り、子どもの体験をきっかけに家族の関心も広げます。継続参加者や協働先との関係を深め、こもれび学習林を地域の子どもや家族が繰り返し自然に触れ、学べる場として定着させます。活動の成果を地域に共有し、次年度の発信活動に協力する人を増やします。 | AF10: =LEN(B10) -> 273
A11: 2028年度 目標とする参加者数 | B11: 全体 | E11: 350 | L11: 人 | O11: 子どもの人数再掲 （高校生以下） | V11: 210 | AC11: 人
A12: 2028年度 助成対象活動 スケジュール ※本欄には、助成対象として申請する活動のみを記載してください。事前準備や打合せ等の記載は不要です。 | B12: 活動月 | F12: 助成対象となる活動内容 ※本頁の「活動内容」およびP9「助成申請金額の内訳」と対応する内容としてください。 | Y12: 子どもの目標参加者数 （高校生以下）
B13: ４月 | AD13: 人
B14: ５月 | F14: こもれび学習林での環境教育（植樹編） | Y14: 90 | AD14: 人
B15: ６月 | AD15: 人
B16: ７月 | AD16: 人
B17: ８月 | AD17: 人
B18: ９月 | AD18: 人
B19: 10月 | AD19: 人
B20: 11月 | F20: こもれび学習林での環境教育（間伐編） | Y20: 80 | AD20: 人
B21: 12月 | AD21: 人
B22: １月 | AD22: 人
B23: ２月 | F23: こもれび学習林での環境教育（間伐材を使った工作編） | Y23: 40 | AD23: 人
B24: ３月 | AD24: 人
A26: 同一セル内で改行したい場合は、[Alt] + [Enter]を押してください。文字サイズは10ポイント以上でお願いします。

Sheet P8_〔複数年〕収支計画書 (2年目)
A1: 〈応募書類一覧ページに戻る〉 | E1: =P1_団体情報!W1 -> （整理番号：０００）
A2: 【複数年助成】２年目
A3: 2028年度 収支計画書
A5: １ 収入の部（応募活動の収入計画）
B6: 区 分 | D6: 予算額（円） | E6: 内容（○○県助成、会費等）
B7: ① | C7: 当助成申請金額※ | D7: ='P7_〔複数年〕応募活動詳細（２年目）'!B8 -> 199600
B8: ② | C8: 当該活動による収入 | D8: 63000 | E8: 参加費（300円×210人）
C9: 他の助成金・補助金収入 | D9: 200000 | E9: ○○県環境活動補助金
C10: 自己資金 | D10: 0
B11: 合 計（①＋②） | D11: =SUM(D7:D10) -> 462600
A13: ２ 支出の部（応募活動に必要な経費）
B14: 区 分 | D14: 予算額（円） | E14: 備考
B15: ① | C15: 当助成申請金額※ | D15: ='P7_〔複数年〕応募活動詳細（２年目）'!B8 -> 199600
B16: ② | C16: 当助成金以外(自己資金等)で 応募活動に充当する金額 | D16: 263000 | E16: 参加費・県補助金を充当
B17: 合 計（①＋②） | D17: =SUM(D15:D16) -> 462600
A20: ※ 当助成申請金額の内訳は、P９「助成申請金額の内訳」（本エクセルの別シート）に記入ください。
A23: 【チェック欄】収支の差額（収入合計－支出合計）: | D23: =D11-+D17 -> 0
D24: =IF(AND(D11=0,D17=0),"",IF(D11=D17,"収支一致","収入と支出の金額を確認してください")) -> 収支一致

Sheet P9_助成申請金額の内訳(２年目）
A1: 〈応募書類一覧ページに戻る〉 | G1: =P1_団体情報!W1 -> （整理番号：０００）
A2: 【複数年助成】２年目
A3: 2028年度 助成申請金額の内訳
A4: ・P8「収支計画書」に記入した 「当助成申請金額(上限20万円)」の内訳 をご記入ください。 ・ひとつの経費を「助成金」と「自己資金等」で分けて支払う場合は、助成金で申請する金額を「当助成申請金額」欄に、自己負担分を「自己資金等支払金額」欄に、それぞれご記入ください。なお、自己資金のみで支払う経費は記入不要です。 | L4: （参考）
A5: 通し番号 | B5: 活動 ※P7「助成対象活動スケジュール」欄に対応するように記載してください。 | C5: 【科目】 | D5: 内容（詳しくご記入ください） | E5: 数量 | F5: 単位 | G5: 単価(税込) | H5: 当助成申請金額 （税込・円） | I5: 自己資金等支払金額 （税込・円） | J5: 提出書類 | L5: 【科目】
A6: 1 | B6: こもれび学習林での環境教育（植樹編） | C6: 人件費 | D6: スタッフ人件費（1,000円×4時間） | E6: 10 | F6: 名 | G6: 4000 | H6: 20000 | I6: 20000 | J6: =IF(OR(C6="備品費",C6="賃借料"), "見積書をご提出ください", IF(C6="謝礼金(講師向け)", "講師略歴をご提出ください", IF(AND(C6="広告費",H6>30000), "見積書をご提出ください", "" ) ) ) | L6: 消耗品費
A7: 2 | C7: 旅費 | D7: スタッフガソリン代 | E7: 180 | F7: km | G7: 15 | H7: 2700 | I7: 0 | J7: =IF(OR(C7="備品費",C7="賃借料"), "見積書をご提出ください", IF(C7="謝礼金(講師向け)", "講師略歴をご提出ください", IF(AND(C7="広告費",H7>30000), "見積書をご提出ください", "" ) ) ) | L7: 広告費
A8: 3 | C8: 消耗品費 | D8: 軍手 | E8: 50 | F8: 双 | G8: 100 | H8: 5000 | I8: 0 | J8: =IF(OR(C8="備品費",C8="賃借料"), "見積書をご提出ください", IF(C8="謝礼金(講師向け)", "講師略歴をご提出ください", IF(AND(C8="広告費",H8>30000), "見積書をご提出ください", "" ) ) ) | L8: 通信運搬費
A9: 4 | C9: 消耗品費 | D9: 苗木（ヒノキ） | E9: 20 | F9: 本 | G9: 2000 | H9: 40000 | I9: 0 | J9: =IF(OR(C9="備品費",C9="賃借料"), "見積書をご提出ください", IF(C9="謝礼金(講師向け)", "講師略歴をご提出ください", IF(AND(C9="広告費",H9>30000), "見積書をご提出ください", "" ) ) ) | L9: 保険料
A10: 5 | C10: 保険料 | D10: イベント賠償保険 | E10: 1 | F10: 日 | G10: 10000 | H10: 10000 | I10: 0 | J10: =IF(OR(C10="備品費",C10="賃借料"), "見積書をご提出ください", IF(C10="謝礼金(講師向け)", "講師略歴をご提出ください", IF(AND(C10="広告費",H10>30000), "見積書をご提出ください", "" ) ) ) | L10: 謝礼金 （講師向け）
A11: 6 | C11: 広告費 | D11: 募集PRチラシ作成 | E11: 1 | F11: 部 | G11: 5000 | H11: 5000 | I11: 0 | J11: =IF(OR(C11="備品費",C11="賃借料"), "見積書をご提出ください", IF(C11="謝礼金(講師向け)", "講師略歴をご提出ください", IF(AND(C11="広告費",H11>30000), "見積書をご提出ください", "" ) ) ) | L11: 謝礼金 （ボランティア向け）
A12: 7 | C12: 通信運搬費 | D12: PRチラシ郵送代（県内小学校30校） | E12: 30 | F12: 通 | G12: 370 | H12: 11100 | I12: 0 | J12: =IF(OR(C12="備品費",C12="賃借料"), "見積書をご提出ください", IF(C12="謝礼金(講師向け)", "講師略歴をご提出ください", IF(AND(C12="広告費",H12>30000), "見積書をご提出ください", "" ) ) ) | L12: 人件費
A13: 8 | B13: こもれび学習林での環境教育（間伐編） | C13: 謝礼金(講師向け) | D13: 林田氏 謝礼金（＊＊活動など経験実績多数あり） | E13: 1 | F13: 回 | G13: 9000 | H13: 9000 | I13: 0 | J13: =IF(OR(C13="備品費",C13="賃借料"), "見積書をご提出ください", IF(C13="謝礼金(講師向け)", "講師略歴をご提出ください", IF(AND(C13="広告費",H13>30000), "見積書をご提出ください", "" ) ) ) -> 講師略歴をご提出ください | L13: 旅費
A14: 9 | C14: 人件費 | D14: スタッフ人件費（1,000円×4時間） | E14: 5 | F14: 名 | G14: 4000 | H14: 20000 | I14: 0 | J14: =IF(OR(C14="備品費",C14="賃借料"), "見積書をご提出ください", IF(C14="謝礼金(講師向け)", "講師略歴をご提出ください", IF(AND(C14="広告費",H14>30000), "見積書をご提出ください", "" ) ) ) | L14: 備品費
A15: 10 | C15: 消耗品費 | D15: 木の黒板 | E15: 50 | F15: 枚 | G15: 120 | H15: 6000 | I15: 0 | J15: =IF(OR(C15="備品費",C15="賃借料"), "見積書をご提出ください", IF(C15="謝礼金(講師向け)", "講師略歴をご提出ください", IF(AND(C15="広告費",H15>30000), "見積書をご提出ください", "" ) ) ) | L15: 賃借料
A16: 11 | C16: 消耗品費 | D16: 間伐体験用のこぎり | E16: 4 | F16: 本 | G16: 5000 | H16: 20000 | I16: 0 | J16: =IF(OR(C16="備品費",C16="賃借料"), "見積書をご提出ください", IF(C16="謝礼金(講師向け)", "講師略歴をご提出ください", IF(AND(C16="広告費",H16>30000), "見積書をご提出ください", "" ) ) ) | L16: 整備費
A17: 12 | C17: 保険料 | D17: イベント賠償保険 | E17: 1 | F17: 日 | G17: 10000 | H17: 10000 | I17: 0 | J17: =IF(OR(C17="備品費",C17="賃借料"), "見積書をご提出ください", IF(C17="謝礼金(講師向け)", "講師略歴をご提出ください", IF(AND(C17="広告費",H17>30000), "見積書をご提出ください", "" ) ) ) | L17: その他
A18: 13 | C18: 広告費 | D18: 募集PRチラシ作成 | E18: 1 | F18: 部 | G18: 5000 | H18: 5000 | I18: 0 | J18: =IF(OR(C18="備品費",C18="賃借料"), "見積書をご提出ください", IF(C18="謝礼金(講師向け)", "講師略歴をご提出ください", IF(AND(C18="広告費",H18>30000), "見積書をご提出ください", "" ) ) )
A19: 14 | C19: 通信運搬費 | D19: PRチラシ郵送代（県内小学校30校） | E19: 30 | F19: 通 | G19: 370 | H19: 11100 | I19: 0 | J19: =IF(OR(C19="備品費",C19="賃借料"), "見積書をご提出ください", IF(C19="謝礼金(講師向け)", "講師略歴をご提出ください", IF(AND(C19="広告費",H19>30000), "見積書をご提出ください", "" ) ) )
A20: 15 | B20: こもれび学習林での環境教育（間伐材を使った工作編） | C20: 消耗品費 | D20: 間伐材工作用材料 （ボンド、ペン、ビーズ、モール等） | E20: 1 | F20: 式 | G20: 20000 | H20: 20000 | I20: 0 | J20: =IF(OR(C20="備品費",C20="賃借料"), "見積書をご提出ください", IF(C20="謝礼金(講師向け)", "講師略歴をご提出ください", IF(AND(C20="広告費",H20>30000), "見積書をご提出ください", "" ) ) )
A21: 16 | C21: 保険料 | D21: イベント賠償保険 | E21: 1 | F21: 日 | G21: 4700 | H21: 4700 | I21: 0 | J21: =IF(OR(C21="備品費",C21="賃借料"), "見積書をご提出ください", IF(C21="謝礼金(講師向け)", "講師略歴をご提出ください", IF(AND(C21="広告費",H21>30000), "見積書をご提出ください", "" ) ) )
A22: 17 | J22: =IF(OR(C22="備品費",C22="賃借料"), "見積書をご提出ください", IF(C22="謝礼金(講師向け)", "講師略歴をご提出ください", IF(AND(C22="広告費",H22>30000), "見積書をご提出ください", "" ) ) )
A23: 18 | J23: =IF(OR(C23="備品費",C23="賃借料"), "見積書をご提出ください", IF(C23="謝礼金(講師向け)", "講師略歴をご提出ください", IF(AND(C23="広告費",H23>30000), "見積書をご提出ください", "" ) ) )
A24: 19 | J24: =IF(OR(C24="備品費",C24="賃借料"), "見積書をご提出ください", IF(C24="謝礼金(講師向け)", "講師略歴をご提出ください", IF(AND(C24="広告費",H24>30000), "見積書をご提出ください", "" ) ) )
A25: 合 計 | H25: =SUM(H6:H24) -> 199600 | I25: =SUM(I5:I24) -> 20000
A26: ※行数は、必要に応じて追加ください。 | E26: P8に記入した「当助成申請金額」： | H26: ='P8_〔複数年〕収支計画書 (2年目)'!$D$7 -> 199600
H27: =IF(H25=H26,"一致","不一致（修正してください）") -> 一致 | I27: ←「当助成申請金額」は必ず一致させてください。
A29: 応募コース | C29: =P2_応募活動概要!B3 -> C：複数年助成への申請（年間上限20万円かつ最長３年間） | H29: =IF(OR(AND(C29="A：上限80万円助成への申請",H25>800000), AND(C29="B：上限20万円助成への申請",H25>200000), AND(C29="C：複数年助成への申請（年間上限20万円かつ最長３年間）",H25>200000)), "上限金額をご確認ください", "")
A30: 【「助成申請金額の内訳」入力にあたっての留意点】 ・ 募集要項の「７ 助成対象経費」をよく確認のうえ、その内容に基づき記入してください。 ・ 内容・単価・数量は明確、詳細に記載してください。

Sheet P10_〔複数年〕応募活動詳細（3年目） 
A1: 〈応募書類一覧ページに戻る〉 | Y1: =P1_団体情報!W1 -> （整理番号：０００）
A2: 【複数年助成】３年目の活動について
A4: P2「応募活動概要」の応募コース欄で「C：複数年助成への申請（年間上限20万円かつ最長３年間）」を選択かつ活動年数が「３年間」の団体のみ本ページ以降を記入ください。
A5: 2029年度 助成申請額 | B5: 199600 | N5: 円 | Q5: ※この金額は、P11「収支計画書」の「当助成申請金額」に自動反映されます。
A6: 2029年度 活動内容 （400字以内） ※本頁の「助成対象活動スケジュール」およびP12「助成申請金額の内訳」と対応する内容としてください。 | B6: 2027・2028年度の活動を発展させ、2029年度は5月「植樹編」、11月「間伐編」、2月「間伐材を使った工作・発信編」を実施します。 植樹編には子ども90人が参加し、〔樹種〕の苗木〔本数〕本を植えるとともに、過去2年間に植えた木の成長や森の変化を〔記録方法〕で確かめます。 間伐編には子ども80人が参加し、森林観察や間伐の見学・体験に取り組みます。継続参加者〔人数〕人程度が、初参加者にこれまでの気づきや手入れの必要性を伝える機会も設けます。 工作・発信編には子ども50人が参加し、間伐材を使った〔作品など〕と、森を守るために続けたいことをまとめた〔発信物など〕を制作して、家族や地域に紹介します。展示や発表の場を設け、参加者が互いの考えを知る機会もつくります。3年間の記録を振り返り、森や参加者の変化、今後の活動について意見を共有します。作品や発信物は活動後も閲覧できる形で残します。 | AF6: =LEN(B6) -> 395
A7: 2029年度 目標とする成果 （300字以内） ※数値で示せる成果だけでなく、活動を通じて期待される参加者や地域の変化についても記入してください。 | B7: 2029年度は、スケジュールに記載した年3回の活動に子ども220人の参加を目標とし、継続参加者〔人数〕人程度が初参加者や家族に学びを伝える機会を設けます。活動後のアンケートで、○○％以上が森林の役割や間伐・木材利用の意義を自分の言葉で説明でき、○○％以上が今後続けたい環境行動を具体的に挙げられる状態を目指します。また、継続参加者の○○％以上が、学んだことを他の人に伝えられたと回答することを目標とします。 3年間で得た成果や参加者の声を地域に共有し、助成終了後も活動を続けられる運営体制を整えます。地域で森林を守り活用する取組に関わる人の輪を広げ、次の活動を支える協力者につなげます。 | AF7: =LEN(B7) -> 293
A8: 2029年度 目標とする参加者数 | B8: 全体 | E8: 370 | L8: 人 | O8: 子どもの人数再掲 （高校生以下） | V8: 220 | AC8: 人
A9: 2029年度 助成対象活動 スケジュール ※本欄には、助成対象として申請する活動のみを記載してください。事前準備や打合せ等の記載は不要です。 | B9: 活動月 | F9: 助成対象となる活動内容 ※本頁の「活動内容」およびP12「助成申請金額の内訳」と対応する内容としてください。 | Y9: 子どもの目標参加者数（高校生以下）
B10: ４月 | AD10: 人
B11: ５月 | F11: こもれび学習林での環境教育（植樹編） | Y11: 90 | AD11: 人
B12: ６月 | AD12: 人
B13: ７月 | AD13: 人
B14: ８月 | AD14: 人
B15: ９月 | AD15: 人
B16: 10月 | AD16: 人
B17: 11月 | F17: こもれび学習林での環境教育（間伐編） | Y17: 80 | AD17: 人
B18: 12月 | AD18: 人
B19: １月 | AD19: 人
B20: ２月 | F20: こもれび学習林での環境教育（間伐材を使った工作・発信編） | Y20: 50 | AD20: 人
B21: ３月 | AD21: 人
A23: 同一セル内で改行したい場合は、[Alt] + [Enter]を押してください。文字サイズは10ポイント以上でお願いします。

Sheet P11_〔複数年〕収支計画書 (3年目) 
A1: 〈応募書類一覧ページに戻る〉 | E1: =P1_団体情報!W1 -> （整理番号：０００）
A2: 【複数年助成】３年目
A3: 2029年度 収支計画書
A5: １ 収入の部（応募活動の収入計画）
B6: 区 分 | D6: 予算額（円） | E6: 内容（○○県助成、会費等）
B7: ① | C7: 当助成申請金額※ | D7: ='P10_〔複数年〕応募活動詳細（3年目） '!B5 -> 199600
B8: ② | C8: 当該活動による収入 | D8: 66000 | E8: 参加費（300円×220人）
C9: 他の助成金・補助金収入 | D9: 200000 | E9: ○○県環境活動補助金
C10: 自己資金 | D10: 0
B11: 合 計（①＋②） | D11: =SUM(D7:D10) -> 465600
A13: ２ 支出の部（応募活動に必要な経費）
B14: 区 分 | D14: 予算額（円） | E14: 備考
B15: ① | C15: 当助成申請金額※ | D15: ='P10_〔複数年〕応募活動詳細（3年目） '!B5 -> 199600
B16: ② | C16: 当助成金以外(自己資金等)で 応募活動に充当する金額 | D16: 266000 | E16: 参加費・県補助金を充当
B17: 合 計（①＋②） | D17: =SUM(D15:D16) -> 465600
A20: ※ 当助成申請金額の内訳は、P12「助成申請金額の内訳」（本エクセルの別シート）に記入ください。
A23: 【チェック欄】収支の差額（収入合計－支出合計）: | D23: =D11-+D17 -> 0
D24: =IF(AND(D11=0,D17=0),"",IF(D11=D17,"収支一致","収入と支出の金額を確認してください")) -> 収支一致

Sheet P12_助成申請金額の内訳(３年目）
A1: 〈応募書類一覧ページに戻る〉 | G1: =P1_団体情報!W1 -> （整理番号：０００）
A2: 【複数年助成】３年目
A3: 2029年度 助成申請金額の内訳
A4: ・P11「収支計画書」に記入した 「当助成申請金額(上限20万円)」の内訳 をご記入ください。 ・ひとつの経費を「助成金」と「自己資金等」で分けて支払う場合は、助成金で申請する金額を「当助成申請金額」欄に、自己負担分を「自己資金等支払金額」欄に、それぞれご記入ください。なお、自己資金のみで支払う経費は記入不要です。 | L4: （参考）
A5: 通し番号 | B5: 活動 ※P10「助成対象活動スケジュール」欄に対応するように記載してください。 | C5: 【科目】 | D5: 内容（詳しくご記入ください） | E5: 数量 | F5: 単位 | G5: 単価(税込) | H5: 当助成申請金額 （税込・円） | I5: 自己資金等支払金額 （税込・円） | J5: 提出書類 | L5: 【科目】
A6: 1 | B6: こもれび学習林での環境教育（植樹編） | C6: 人件費 | D6: スタッフ人件費（1,000円×4時間） | E6: 10 | F6: 名 | G6: 4000 | H6: 20000 | I6: 20000 | J6: =IF(OR(C6="備品費",C6="賃借料"), "見積書をご提出ください", IF(C6="謝礼金(講師向け)", "講師略歴をご提出ください", IF(AND(C6="広告費",H6>30000), "見積書をご提出ください", "" ) ) ) | L6: 消耗品費
A7: 2 | C7: 旅費 | D7: スタッフガソリン代 | E7: 180 | F7: km | G7: 15 | H7: 2700 | I7: 0 | J7: =IF(OR(C7="備品費",C7="賃借料"), "見積書をご提出ください", IF(C7="謝礼金(講師向け)", "講師略歴をご提出ください", IF(AND(C7="広告費",H7>30000), "見積書をご提出ください", "" ) ) ) | L7: 広告費
A8: 3 | C8: 消耗品費 | D8: 軍手 | E8: 50 | F8: 双 | G8: 100 | H8: 5000 | I8: 0 | J8: =IF(OR(C8="備品費",C8="賃借料"), "見積書をご提出ください", IF(C8="謝礼金(講師向け)", "講師略歴をご提出ください", IF(AND(C8="広告費",H8>30000), "見積書をご提出ください", "" ) ) ) | L8: 通信運搬費
A9: 4 | C9: 消耗品費 | D9: 苗木（ヒノキ） | E9: 20 | F9: 本 | G9: 2000 | H9: 40000 | I9: 0 | J9: =IF(OR(C9="備品費",C9="賃借料"), "見積書をご提出ください", IF(C9="謝礼金(講師向け)", "講師略歴をご提出ください", IF(AND(C9="広告費",H9>30000), "見積書をご提出ください", "" ) ) ) | L9: 保険料
A10: 5 | C10: 保険料 | D10: イベント賠償保険 | E10: 1 | F10: 日 | G10: 10000 | H10: 10000 | I10: 0 | J10: =IF(OR(C10="備品費",C10="賃借料"), "見積書をご提出ください", IF(C10="謝礼金(講師向け)", "講師略歴をご提出ください", IF(AND(C10="広告費",H10>30000), "見積書をご提出ください", "" ) ) ) | L10: 謝礼金 （講師向け）
A11: 6 | C11: 広告費 | D11: 募集PRチラシ作成 | E11: 1 | F11: 部 | G11: 5000 | H11: 5000 | I11: 0 | J11: =IF(OR(C11="備品費",C11="賃借料"), "見積書をご提出ください", IF(C11="謝礼金(講師向け)", "講師略歴をご提出ください", IF(AND(C11="広告費",H11>30000), "見積書をご提出ください", "" ) ) ) | L11: 謝礼金 （ﾎﾞﾗﾝﾃｨｱ向け）
A12: 7 | C12: 通信運搬費 | D12: PRチラシ郵送代（県内小学校30校） | E12: 30 | F12: 通 | G12: 370 | H12: 11100 | I12: 0 | J12: =IF(OR(C12="備品費",C12="賃借料"), "見積書をご提出ください", IF(C12="謝礼金(講師向け)", "講師略歴をご提出ください", IF(AND(C12="広告費",H12>30000), "見積書をご提出ください", "" ) ) ) | L12: 人件費
A13: 8 | B13: こもれび学習林での環境教育（間伐編） | C13: 謝礼金(講師向け) | D13: 林田氏 謝礼金（＊＊活動など経験実績多数あり） | E13: 1 | F13: 回 | G13: 9000 | H13: 9000 | I13: 0 | J13: =IF(OR(C13="備品費",C13="賃借料"), "見積書をご提出ください", IF(C13="謝礼金(講師向け)", "講師略歴をご提出ください", IF(AND(C13="広告費",H13>30000), "見積書をご提出ください", "" ) ) ) -> 講師略歴をご提出ください | L13: 旅費
A14: 9 | C14: 人件費 | D14: スタッフ人件費（1,000円×4時間） | E14: 5 | F14: 名 | G14: 4000 | H14: 20000 | I14: 0 | J14: =IF(OR(C14="備品費",C14="賃借料"), "見積書をご提出ください", IF(C14="謝礼金(講師向け)", "講師略歴をご提出ください", IF(AND(C14="広告費",H14>30000), "見積書をご提出ください", "" ) ) ) | L14: 備品費
A15: 10 | C15: 消耗品費 | D15: 木の黒板 | E15: 50 | F15: 枚 | G15: 120 | H15: 6000 | I15: 0 | J15: =IF(OR(C15="備品費",C15="賃借料"), "見積書をご提出ください", IF(C15="謝礼金(講師向け)", "講師略歴をご提出ください", IF(AND(C15="広告費",H15>30000), "見積書をご提出ください", "" ) ) ) | L15: 賃借料
A16: 11 | C16: 消耗品費 | D16: 間伐体験用のこぎり | E16: 4 | F16: 本 | G16: 5000 | H16: 20000 | I16: 0 | J16: =IF(OR(C16="備品費",C16="賃借料"), "見積書をご提出ください", IF(C16="謝礼金(講師向け)", "講師略歴をご提出ください", IF(AND(C16="広告費",H16>30000), "見積書をご提出ください", "" ) ) ) | L16: 整備費
A17: 12 | C17: 保険料 | D17: イベント賠償保険 | E17: 1 | F17: 日 | G17: 10000 | H17: 10000 | I17: 0 | J17: =IF(OR(C17="備品費",C17="賃借料"), "見積書をご提出ください", IF(C17="謝礼金(講師向け)", "講師略歴をご提出ください", IF(AND(C17="広告費",H17>30000), "見積書をご提出ください", "" ) ) ) | L17: その他
A18: 13 | C18: 広告費 | D18: 募集PRチラシ作成 | E18: 1 | F18: 部 | G18: 5000 | H18: 5000 | I18: 0 | J18: =IF(OR(C18="備品費",C18="賃借料"), "見積書をご提出ください", IF(C18="謝礼金(講師向け)", "講師略歴をご提出ください", IF(AND(C18="広告費",H18>30000), "見積書をご提出ください", "" ) ) )
A19: 14 | C19: 通信運搬費 | D19: PRチラシ郵送代（県内小学校30校） | E19: 30 | F19: 通 | G19: 370 | H19: 11100 | I19: 0 | J19: =IF(OR(C19="備品費",C19="賃借料"), "見積書をご提出ください", IF(C19="謝礼金(講師向け)", "講師略歴をご提出ください", IF(AND(C19="広告費",H19>30000), "見積書をご提出ください", "" ) ) )
A20: 15 | B20: こもれび学習林での環境教育（間伐材を使った工作・発信編） | C20: 消耗品費 | D20: 間伐材工作・発信用材料 | E20: 1 | F20: 式 | G20: 20000 | H20: 20000 | I20: 0 | J20: =IF(OR(C20="備品費",C20="賃借料"), "見積書をご提出ください", IF(C20="謝礼金(講師向け)", "講師略歴をご提出ください", IF(AND(C20="広告費",H20>30000), "見積書をご提出ください", "" ) ) )
A21: 16 | C21: 保険料 | D21: イベント賠償保険 | E21: 1 | F21: 日 | G21: 4700 | H21: 4700 | I21: 0 | J21: =IF(OR(C21="備品費",C21="賃借料"), "見積書をご提出ください", IF(C21="謝礼金(講師向け)", "講師略歴をご提出ください", IF(AND(C21="広告費",H21>30000), "見積書をご提出ください", "" ) ) )
A22: 17 | J22: =IF(OR(C22="備品費",C22="賃借料"), "見積書をご提出ください", IF(C22="謝礼金(講師向け)", "講師略歴をご提出ください", IF(AND(C22="広告費",H22>30000), "見積書をご提出ください", "" ) ) )
A23: 18 | J23: =IF(OR(C23="備品費",C23="賃借料"), "見積書をご提出ください", IF(C23="謝礼金(講師向け)", "講師略歴をご提出ください", IF(AND(C23="広告費",H23>30000), "見積書をご提出ください", "" ) ) )
A24: 19 | J24: =IF(OR(C24="備品費",C24="賃借料"), "見積書をご提出ください", IF(C24="謝礼金(講師向け)", "講師略歴をご提出ください", IF(AND(C24="広告費",H24>30000), "見積書をご提出ください", "" ) ) )
A25: 合 計 | H25: =SUM(H6:H24) -> 199600 | I25: =SUM(I6:I24) -> 20000
A26: ※行数は、必要に応じて追加ください。 | E26: P11に記入した「当助成申請金額」： | H26: ='P11_〔複数年〕収支計画書 (3年目) '!D7 -> 199600
H27: =IF(H25=H26,"一致","不一致（修正してください）") -> 一致 | I27: ←「当助成申請金額」は必ず一致させてください。
A29: 応募コース | C29: =P2_応募活動概要!B3 -> C：複数年助成への申請（年間上限20万円かつ最長３年間） | H29: =IF(OR(AND(C29="A：上限80万円助成への申請",H25>800000), AND(C29="B：上限20万円助成への申請",H25>200000), AND(C29="C：複数年助成への申請（年間上限20万円かつ最長３年間）",H25>200000)), "上限金額をご確認ください", "")
A30: 【「助成申請金額の内訳」入力にあたっての留意点】 ・ 募集要項の「７ 助成対象経費」をよく確認のうえ、その内容に基づき記入してください。 ・ 内容・単価・数量は明確、詳細に記載してください。
